 Dungeon Crawl Stone Soup version 0.31-a0-557-g6e16503903 (webtiles) character file.

Game seed: 88847617386717896

80246 cforsyth the Prestidigitator (level 15, -3/105 HPs)
             Began as a Gnoll Artificer on Aug 16, 2023.
             Was the Champion of Hepliaklqana.
             Slain by an ogre
             ... wielding a +0 giant club
              (19 damage)
             ... on level 1 of the Orcish Mines.
             The game lasted 00:51:41 (23792 turns).

cforsyth the Prestidigitator (Gnoll Artificer)     Turns: 23792, Time: 00:51:41

Health: -3/105     AC: 29    Str: 19    XL:     15   Next: 66%
Magic:  29/29      EV:  7    Int: 14    God:    Hepliaklqana [******]
Gold:   1184       SH:  5    Dex: 18    Spells: 34/34 levels left

rFire   + . .        Q - +4 long sword of Xecovic {elec, Dex+5}
rCold   + . .        (no shield)
rNeg    . . .        a - +1 gold dragon scales
rPois   +            G - +0 helmet
rElec   .            (no cloak)
rCorr   .            m - +0 pair of gloves
SInv    .            Z - +2 pair of boots {rampage}
Will    ++...        s - amulet "Gitecaiz" {Reflect Str+4 SH+5} Stlth
                     v - ring of willpower
HPRegen 0.37/turn    A - +4 ring of protection
MPRegen 0.21/turn

%: reflection, rampage
@: no status effects
A: reduced essence, fangs 1, strong nose, distributed training
a: Renounce Religion, Recall Ancestor, Ancestor Identity, Transference, Idealise


You were on level 1 of the Orcish Mines.
You worshipped Hepliaklqana.
Hepliaklqana was exalted by your worship.
You visited 4 branches of the dungeon, and saw 21 of its levels.
You also visited: Bailey.

You collected 1964 gold pieces.
You spent 780 gold pieces at shops.

Inventory:

Hand Weapons
 i - a +4 dagger of freezing
 y - the +6 dagger of the Sneaky Portals {flame, rElec Str-3 Dex+3}
   (You found it on level 4 of the Dungeon)

   Str-3:     It affects your strength (-3).
   Dex+3:     It affects your dexterity (+3).
   rElec:     It insulates you from electricity.
 F - a +7 dire flail of draining
 I - the +4 war axe of Koybro Ziha {flame, rC- Int+2 Dex+8}
   (You found it on level 6 of the Dungeon)

   Int+2:     It affects your intelligence (+2).
   Dex+8:     It affects your dexterity (+8).
   rC-:       It makes you vulnerable to cold.
 Q - the +4 long sword of Xecovic (weapon) {elec, Dex+5}
   (You found it on level 5 of the Lair of Beasts)

   Dex+5:     It affects your dexterity (+5).
 U - the +6 shillelagh "Devastator" {shatter}
   (You found it on level 10 of the Dungeon)
Armour
 a - +1 gold dragon scales (worn)
 m - a +0 pair of gloves (worn)
 G - a +0 helmet (worn)
 Z - a +2 pair of boots of rampaging (worn)
Jewellery
 d - a ring of ice
 f - an amulet of regeneration
 q - a ring of magical power
 s - the amulet "Gitecaiz" (around neck) {Reflect Str+4 SH+5}
   (You found it on level 5 of the Lair of Beasts)

   [amulet of reflection]

   Reflect:   It reflects blocked missile attacks.
   Str+4:     It affects your strength (+4).
   SH+5:      It affects your SH (+5).
 v - a ring of willpower (left hand)
 A - a +4 ring of protection (right hand)
 B - an amulet of guardian spirit
 D - a ring of see invisible
 E - a ring of flight
 M - a ring of protection from fire
 S - a ring of willpower
Wands
 b - a wand of iceblast (8)
 c - a wand of flame (27) (quivered)
 e - a wand of paralysis (1)
 P - a wand of mindburst (2)
 W - a wand of quicksilver (2)
 X - a wand of polymorph (2)
Scrolls
 h - 2 scrolls of fear
 l - 3 scrolls of enchant weapon
 p - a scroll of blinking
 u - a scroll of noise {unknown}
 x - 4 scrolls of revelation
 C - 2 scrolls of fog {unknown}
 H - 7 scrolls of poison
 K - a scroll of teleportation
 N - a scroll of immolation {unknown}
 O - a scroll of brand weapon {unknown}
 V - a scroll of butterflies {unknown}
Potions
 g - 2 potions of berserk rage
 j - 6 potions of haste
 k - 7 potions of curing
 n - 4 potions of enlightenment
 o - 5 potions of ambrosia
 r - a potion of brilliance
 t - 3 potions of magic
 w - 2 potions of resistance
 z - 4 potions of attraction
 J - 2 potions of might
 L - 2 potions of degeneration
 R - 2 potions of lignification
 T - 4 potions of heal wounds
 Y - 2 potions of invisibility


   Skills:
 + Level 10.7 Fighting
 + Level 10.3 Short Blades
 + Level 10.3 Long Blades
 + Level 10.3 Axes
 + Level 10.3 Maces & Flails
 + Level 10.3 Polearms
 + Level 10.3 Staves
 + Level 10.3 Ranged Weapons
 + Level 10.3 Throwing
 + Level 11.3 Armour
 + Level 10.7 Dodging
 + Level 10.6 Stealth
 + Level 10.3 Shields
 + Level 10.3 Unarmed Combat
 + Level 10.3 Spellcasting
 + Level 8.6 Conjurations
 + Level 8.6 Hexes
 + Level 8.6 Summonings
 + Level 8.6 Necromancy
 + Level 8.6 Translocations
 + Level 8.6 Transmutations
 + Level 8.6 Fire Magic
 + Level 8.6 Ice Magic
 + Level 8.6 Air Magic
 + Level 8.6 Earth Magic
 + Level 8.6 Poison Magic
 + Level 11.2 Invocations
 + Level 12.1 Evocations
 + Level 8.6 Shapeshifting


You had 34 spell levels left.
You didn't know any spells.
Your spell library contained the following spells:

 Spells                   Type           Power      Damage    Failure   Level
 Sandblast                Erth           62%        2d14      30%         1
 Shock                    Conj/Air       100%       1d9       30%         1
 Slow                     Hex            100%       N/A       30%         1
 Blink                    Tloc           62%        N/A       41%         2
 Lesser Beckoning         Tloc           62%        N/A       41%         2
 Momentum Strike          Conj/Tloc      62%        3d9       41%         2
 Confusing Touch          Hex            31%        N/A       65%         3
 Ozocubu's Armour         Ice            31%        N/A       65%         3
 Stone Arrow              Conj/Erth      62%        3d10      65%         3
 Swiftness                Air            31%        N/A       65%         3
 Tukima's Dance           Hex            31%        N/A       65%         3
 Vampiric Draining        Necr           31%        2d8       65%         3
 Volatile Blastmotes      Fire/Tloc      62%        2d15      65%         3
 Animate Armour           Summ/Erth      62%        N/A       96%         4
 Fulminant Prism          Conj/Hex       15%        3d11      96%         4
 Iskenderun's Mystic Bla  Conj/Tloc      31%        2d8       96%         4
 Leda's Liquefaction      Hex/Erth       15%        N/A       96%         4
 Manifold Assault         Tloc           31%        N/A       96%         4
 Passage of Golubria      Tloc           31%        N/A       96%         4
 Summon Lightning Spire   Summ/Air       31%        N/A       96%         4
 Lee's Rapid Deconstruct  Erth           15%        3d10*     100%        5
 Metabolic Englaciation   Hex/Ice        15%        N/A       100%        5
 Yara's Violent Unravell  Hex/Tmut       15%        3d8       100%        5
 Leda's Unmaking          Conj/Erth      15%        9d3       100%        6
 Simulacrum               Ice/Necr       15%        N/A       100%        6
 Lehudib's Crystal Spear  Conj/Erth      15%        10d5      100%        8


Dungeon Overview and Level Annotations

Branches:
Dungeon (13/15)            Temple (1/1) D:5            Lair (5/5) D:10
 Shoals (0/4) Lair:3        Snake (0/4) Lair:2        Slime (0/5) Lair:4
    Orc (2/2) D:10            Elf (0/3) Orc:2        Bailey (visited)
 Vaults: D:13-14

Altars:
Ashenzari
Cheibriados
Dithmenos
Elyvilon
Fedhas
Gozag
Hepliaklqana
Kikubaaqudgha
Makhleb
Nemelex Xobeh
Okawaru
Qazlal
Ru
Sif Muna
Trog
Uskayaw
Vehumet
Wu Jian
Xom
Yredelemnul
Zin
The Shining One

Shops:
D:4 *[

Annotations:
D:13 1 runed translucent door, exclusion: orange crystal statue
Lair:2 1 runed translucent door, Ofeo's ghost, journeyman DrHs
Lair:5 1 runed translucent door, bakla's ghost, journeyman VSSh


Innate Abilities, Weirdness & Mutations

Your life essence is reduced to manifest your ancestor. (-10% HP)
You have very sharp teeth.
Your uncanny sense of smell can sniff out nearby items.
Your experience applies equally to all skills.


Message History

You rampage towards the ogre!
You hit the ogre. Your bite misses the ogre.
The ogre is lightly wounded.
The ogre hits you but does no damage.
You hit the ogre.
The ogre is moderately wounded.
You slash the ogre! Lightning courses through the ogre!
You kill the ogre!
You see here a +0 giant spiked club.
You are too injured to fight recklessly!
You rampage towards the two-headed ogre!
You slash the two-headed ogre! You punch the two-headed ogre!
The two-headed ogre is heavily wounded.
The two-headed ogre completely misses you.
The two-headed ogre hits you with a +0 giant spiked club!
* * * LOW HITPOINT WARNING * * *
You slash the two-headed ogre!
The two-headed ogre is severely wounded.
You barely miss the two-headed ogre.
The two-headed ogre is severely wounded.
The two-headed ogre hits you but does no damage.
The two-headed ogre closely misses you. The ogre hits you with a +0 giant club!
* * * LOW HITPOINT WARNING * * *
The ogre barely misses you.
You slash the two-headed ogre!
Lightning courses through the two-headed ogre!
You kill the two-headed ogre!
You hit the ogre. You bite the ogre.
The ogre is lightly wounded.
The ogre hits you with a +0 giant club.
* * * LOW HITPOINT WARNING * * *
The ogre barely misses you.
You slice the ogre!! Lightning courses through the ogre!!
You kill the ogre!
You hit the ogre.
The ogre is lightly wounded.
The ogre closely misses you.
You barely miss the ogre.
The ogre is lightly wounded.
The ogre hits you with a +0 giant club!!
You die...

#......##..#...##.
####.....###.....###.
##..##.....#......###.
#....##...........^...
##...###....[.[###....
##...)###...#O###.....
###......#....)#[###...#
#....#).O......)..>#####
##...#.@)).>[##.....#
##..##.#)..)#####....#
#.............##...#####
#.................####.##
##........##....### #...#
####..#.###.....####....
#....###.......#......
##..#####..#..##...#..
######....#.......#..


You could see an ogre.

Vanquished Creatures
  Fannar (D:10)
  A vault guard (Bailey)
  2 hydras (Lair:5)
  Erolcha (D:9)
  6 two-headed ogres
  2 boulder beetles
  An orc high priest (Orc:1)
  A skyshark (Lair:2)
  Amaemon (D:9)
  A deep elf zephyrmancer (D:12)
  4 cyclopes
  2 black mambas
  3 gargoyles
  Joseph (D:7)
  An orange demon (D:9)
  5 cane toads
  7 komodo dragons
  A rime drake (Lair:1)
  6 trolls
  7 polar bears (Lair:5)
  Prince Ribbit (Bailey)
  3 blink frogs (Lair:1)
  A raiju (Lair:5)
  2 slime creatures (D:12)
  2 wyverns
  4 humans (Bailey)
  A shadow (D:11)
  54 yaks
  A vampire (D:11)
  9 basilisks
  2 steam dragons
  11 vampire mosquitoes
  An acid dragon (Lair:5)
  Edmund (D:5)
  6 wargs
  10 hell hounds (Lair:5)
  15 water moccasins
  9 black bears
  2 sky beasts (D:6)
  3 ice beasts
  8 orc warriors
  6 ogres
  6 centaurs
  8 wolves
  A phantom (D:6)
  Blork the orc (D:5)
  3 kobold brigands
  18 bullfrogs
  2 gnoll sergeants
  3 scorpions
  4 wights (D:8)
  2 killer bees (D:9)
  5 howler monkeys
  3 jellies
  10 orc priests
  5 hounds
  3 gnoll boudas
  Jessica (D:2)
  7 iguanas
  18 orc wizards
  17 gnolls
  6 adders
  2 white imps
  2 worms
  2 dart slugs
  40 orcs
  5 bats (D:1)
  5 bat zombies (D:3)
  13 endoplasms
  A giant cockroach (D:1)
  12 goblins
  6 hobgoblins
  5 jackals
  A quokka (D:4)
  2 ball pythons (D:1)
  7 frilled lizards
  18 kobolds
  4 rats
454 creatures vanquished.

Vanquished Creatures (collateral kills)
  A fire giant (D:11)
  A stone giant (D:10)
  A fire dragon (Lair:5)
  A two-headed ogre (Orc:2)
  2 boulder beetles
  A swamp dragon (Lair:5)
  A lindwurm (Lair:4)
  An orc knight (Orc:2)
  An ugly thing (D:12)
  2 deep elf pyromancers
  An orc sorcerer (Orc:1)
  A cyclops (D:11)
  A manticore (Lair:3)
  3 elephants (Lair:5)
  2 cane toads
  A gargoyle (D:10)
  A rime drake (Lair:5)
  A kobold demonologist (D:10)
  3 komodo dragons
  A freezing wraith (D:12)
  4 trolls
  A wind drake (Lair:3)
  3 polar bears
  A raiju (Lair:5)
  5 slime creatures
  A shadow (D:11)
  A vampire (D:11)
  2 wraiths
  A wyvern (Lair:5)
  2 basilisks
  7 yaks
  2 steam dragons (Lair:5)
  5 vampire mosquitoes
  An acid dragon (Lair:5)
  3 water moccasins
  5 hell hounds (Lair:5)
  6 orc warriors
  5 black bears (Lair:5)
  A centaur (D:10)
  8 wolves
  An ogre (Orc:2)
  3 bullfrogs
  2 killer bees
  A jelly (D:7)
  2 orc priests
  2 iguanas (Lair:5)
  2 orc wizards
  2 gnolls
  7 orcs
  An endoplasm (Lair:4)
  A kobold (D:9)
115 creatures vanquished.

Vanquished Creatures (others)
  A hornet (D:10)
  2 yaks (D:9)
  2 ancestors (D:10)
  9 battlemagi
  An orc wizard (D:8)
  2 kobolds (D:8)
17 creatures vanquished.

Grand Total: 586 creatures vanquished

Notes
Turn   | Place    | Note
-------+----------+-------------------------------------------
     0 | D:1      | cforsyth the Gnoll Artificer began the quest for the Orb.
     0 | D:1      | Reached XP level 1. HP: 17/17 MP: 1/1
   142 | D:1      | Reached XP level 2. HP: 21/23 MP: 2/2
   321 | D:1      | Reached XP level 3. HP: 12/28 MP: 3/3
   808 | D:2      | Reached skill level 1 in Invocations
   962 | D:2      | Found a faded altar of an unknown god.
   972 | D:2      | Reached skill level 1 in Short Blades
   972 | D:2      | Reached skill level 1 in Long Blades
   972 | D:2      | Reached skill level 1 in Axes
   972 | D:2      | Reached skill level 1 in Maces & Flails
   972 | D:2      | Reached skill level 1 in Polearms
   972 | D:2      | Reached skill level 1 in Staves
   972 | D:2      | Reached skill level 1 in Ranged Weapons
   972 | D:2      | Reached skill level 1 in Throwing
   972 | D:2      | Reached skill level 1 in Shields
   972 | D:2      | Reached skill level 1 in Unarmed Combat
   972 | D:2      | Reached skill level 1 in Spellcasting
  1032 | D:2      | Noticed Jessica
  1036 | D:2      | Killed Jessica
  1037 | D:2      | Reached XP level 4. HP: 30/34 MP: 5/5
  1359 | D:3      | Reached skill level 1 in Conjurations
  1359 | D:3      | Reached skill level 1 in Hexes
  1359 | D:3      | Reached skill level 1 in Summonings
  1359 | D:3      | Reached skill level 1 in Necromancy
  1359 | D:3      | Reached skill level 1 in Translocations
  1359 | D:3      | Reached skill level 1 in Transmutations
  1359 | D:3      | Reached skill level 1 in Fire Magic
  1359 | D:3      | Reached skill level 1 in Ice Magic
  1359 | D:3      | Reached skill level 1 in Air Magic
  1359 | D:3      | Reached skill level 1 in Earth Magic
  1359 | D:3      | Reached skill level 1 in Poison Magic
  1359 | D:3      | Reached skill level 1 in Shapeshifting
  1475 | D:3      | Found an ancient bone altar of Kikubaaqudgha.
  1616 | D:3      | Found a stormy altar of Qazlal.
  1624 | D:3      | Found a glowing silver altar of Zin.
  1628 | D:3      | Found a white marble altar of Elyvilon.
  2352 | D:4      | Found Hifydd's Lightly-Used Armoury.
  2369 | D:4      | Reached XP level 5. HP: 37/40 MP: 5/7
  2479 | D:4      | Identified the +6 dagger of the Sneaky Portals {flame,
                  | rElec Str-3 Dex+3}
  2550 | D:4      | Found Xauwneb's Antique Armour Boutique.
  3263 | D:4      | Noticed an ogre
  3266 | D:4      | Killed an ogre
  3267 | D:4      | Reached skill level 5 in Armour
  3267 | D:4      | Reached XP level 6. HP: 30/47 MP: 5/8
  3486 | D:5      | Entered Level 5 of the Dungeon
  3609 | D:5      | Noticed a water moccasin
  3614 | D:5      | Killed a water moccasin
  3615 | D:5      | Reached XP level 7. HP: 37/52 MP: 10/10
  3787 | D:4      | Reached skill level 7 in Evocations
  4029 | D:5      | Found a staircase to the Ecumenical Temple.
  4043 | Temple   | Entered the Ecumenical Temple
  4244 | D:5      | Noticed Edmund
  4254 | D:5      | Killed Edmund
  4414 | D:5      | Reached XP level 8. HP: 60/60 MP: 12/12
  4463 | D:5      | Noticed Blork the orc
  4477 | D:5      | Killed Blork the orc
  5952 | D:6      | Reached XP level 9. HP: 49/66 MP: 11/14
  6046 | D:6      | Identified the +4 war axe of Koybro Ziha {flame, rC- Int+2
                  | Dex+8}
  6286 | D:6      | Reached skill level 5 in Fighting
  6286 | D:6      | Reached skill level 5 in Dodging
  6514 | D:6      | Found a basalt altar of Yredelemnul.
  6805 | D:7      | Reached skill level 5 in Stealth
  6913 | D:7      | Found a broken altar of Ashenzari.
  6916 | D:7      | Found a shimmering altar of Xom.
  6920 | D:7      | Found an iron altar of Okawaru.
  7051 | D:7      | Reached skill level 8 in Evocations
  7112 | D:7      | Reached skill level 5 in Invocations
  7412 | D:7      | Noticed Joseph
  7425 | D:7      | Killed Joseph
  7744 | D:8      | Reached XP level 10. HP: 63/75 MP: 12/17
  7778 | D:8      | Reached skill level 5 in Short Blades
  7778 | D:8      | Reached skill level 5 in Long Blades
  7778 | D:8      | Reached skill level 5 in Axes
  7778 | D:8      | Reached skill level 5 in Maces & Flails
  7778 | D:8      | Reached skill level 5 in Polearms
  7778 | D:8      | Reached skill level 5 in Staves
  7778 | D:8      | Reached skill level 5 in Ranged Weapons
  7778 | D:8      | Reached skill level 5 in Throwing
  7778 | D:8      | Reached skill level 5 in Shields
  7778 | D:8      | Reached skill level 5 in Unarmed Combat
  7778 | D:8      | Reached skill level 5 in Spellcasting
  7821 | D:8      | Found a flagged portal.
  8009 | Bailey   | Entered a bailey
  8617 | Bailey   | Noticed a vault guard
  8617 | Bailey   | Noticed Prince Ribbit
  8620 | Bailey   | Killed Prince Ribbit
  8630 | Bailey   | Killed a vault guard
  8725 | Bailey   | Noticed a vault guard
  8871 | D:8      | Found a hazy altar of Hepliaklqana.
  8875 | D:8      | Found a shadowy altar of Dithmenos.
  8879 | D:8      | Became a worshipper of Hepliaklqana the Forgotten
  9148 | D:8      | Reached XP level 11. HP: 82/83 MP: 17/19
  9251 | D:8      | Reached skill level 9 in Evocations
  9303 | D:9      | Reached skill level 5 in Conjurations
  9303 | D:9      | Reached skill level 5 in Hexes
  9303 | D:9      | Reached skill level 5 in Summonings
  9303 | D:9      | Reached skill level 5 in Necromancy
  9303 | D:9      | Reached skill level 5 in Translocations
  9303 | D:9      | Reached skill level 5 in Transmutations
  9303 | D:9      | Reached skill level 5 in Fire Magic
  9303 | D:9      | Reached skill level 5 in Ice Magic
  9303 | D:9      | Reached skill level 5 in Air Magic
  9303 | D:9      | Reached skill level 5 in Earth Magic
  9303 | D:9      | Reached skill level 5 in Poison Magic
  9303 | D:9      | Reached skill level 5 in Shapeshifting
  9306 | D:9      | Reached XP level 12. HP: 42/91 MP: 10/22
  9307 | D:9      | Reached skill level 10 in Evocations
  9307 | D:9      | Reached XP level 13. HP: 45/98 MP: 10/24
  9841 | D:9      | Noticed Erolcha
  9846 | D:9      | Killed Erolcha
 10407 | D:9      | Reached * piety under Hepliaklqana
 10505 | D:9      | Noticed Amaemon
 10518 | D:9      | Killed Amaemon
 11037 | D:10     | Entered Level 10 of the Dungeon
 11054 | D:10     | Paralysed by a hornet for 1 turns
 11307 | D:10     | Found an opulent altar of Gozag.
 11307 | D:10     | Found an ornate altar of the Wu Jian Council.
 11315 | D:10     | Found a burning altar of Makhleb.
 11316 | D:10     | Noticed Fannar
 11317 | D:10     | Found a hide-covered altar of Uskayaw.
 11318 | D:10     | Found a faded altar of an unknown god.
 11323 | D:10     | Killed Fannar
 11399 | D:10     | Found a staircase to the Lair.
 11694 | D:10     | Reached ** piety under Hepliaklqana
 11695 | D:10     | Remembered your ancestor Amala as a battlemage
 11812 | D:10     | Noticed a stone giant
 11812 | D:10     | Found the +6 shillelagh "Devastator" {shatter}
 12143 | D:10     | Killed a stone giant
 13073 | D:10     | Got the Codex of Lithomancy and Clouds
 13346 | D:10     | Found a staircase to the Orcish Mines.
 14148 | D:11     | Identified the +0 scale mail "Bokejiq" {rElec rN++ MP-9
                  | Dex+2}
 14405 | D:11     | Found a runed translucent door.
 14427 | D:11     | Reached XP level 14. HP: 97/97 MP: 26/26
 14709 | D:11     | Reached skill level 10 in Armour
 14709 | D:11     | Reached skill level 11 in Evocations
 14739 | D:11     | Noticed a fire giant
 14932 | D:11     | HP: 1/97 [fire giant/fireball (33)]
 14932 | D:11     | Killed a fire giant
 15772 | D:13     | Found a runed translucent door.
 15776 | D:13     | Reached *** piety under Hepliaklqana
 16022 | D:4      | Bought -3 gold dragon scales for 780 gold pieces
 16159 | D:12     | Reached skill level 10 in Invocations
 17296 | Lair:1   | Entered Level 1 of the Lair of Beasts
 17602 | Lair:1   | Reached **** piety under Hepliaklqana
 18357 | Lair:2   | Found a staircase to the Snake Pit.
 18596 | Lair:2   | Found a runed translucent door.
 18600 | Lair:2   | Noticed Ofeo's ghost (journeyman DrHs)
 19025 | Lair:3   | Reached ***** piety under Hepliaklqana
 19375 | Lair:3   | Found a staircase to the Shoals.
 19698 | Lair:4   | Reached skill level 10 in Fighting
 19698 | Lair:4   | Reached skill level 10 in Dodging
 20034 | Lair:4   | Found a staircase to the Slime Pits.
 20362 | Lair:5   | Entered Level 5 of the Lair of Beasts
 20370 | Lair:5   | Reached skill level 10 in Stealth
 20487 | Lair:5   | Identified the amulet "Gitecaiz" {Reflect Str+4 SH+5}
 20733 | Lair:5   | Reached XP level 15. HP: 103/103 MP: 28/28
 21055 | Lair:5   | Found a runed translucent door.
 21059 | Lair:5   | Identified the +12 spear of the Feather {heavy, Int+3}
 21060 | Lair:5   | Noticed bakla's ghost (journeyman VSSh)
 21226 | Lair:5   | Reached skill level 10 in Short Blades
 21226 | Lair:5   | Reached skill level 10 in Long Blades
 21226 | Lair:5   | Reached skill level 10 in Axes
 21226 | Lair:5   | Reached skill level 10 in Maces & Flails
 21226 | Lair:5   | Reached skill level 10 in Polearms
 21226 | Lair:5   | Reached skill level 10 in Staves
 21226 | Lair:5   | Reached skill level 10 in Ranged Weapons
 21226 | Lair:5   | Reached skill level 10 in Throwing
 21226 | Lair:5   | Reached skill level 10 in Shields
 21226 | Lair:5   | Reached skill level 10 in Unarmed Combat
 21226 | Lair:5   | Reached skill level 10 in Spellcasting
 21486 | Lair:5   | Reached skill level 12 in Evocations
 21800 | Lair:5   | Identified the +4 long sword of Xecovic {elec, Dex+5}
 22762 | Orc:1    | Entered Level 1 of the Orcish Mines
 22810 | Orc:1    | Paralysed by an orc sorcerer for 3 turns
 22858 | Orc:1    | Reached ****** piety under Hepliaklqana
 23014 | Orc:2    | Entered Level 2 of the Orcish Mines
 23547 | Orc:2    | Found a staircase to the Elven Halls.
 23792 | Orc:1    | Slain by an ogre

Illustrated notes

Levels and vault maps discovered:
D:1:      lightli_arrival_boilingwater, layout_rooms, minmay_tromino_mix6
D:2:      layout_loops_ring, basic_ecumenical_altar, uniq_jessica
D:3:      layout_loops_corners, minitemple, lemuel_zombie_altar_kikubaaqudgha
D:4:      layout_layer_cave, minmay_shop_damaged, nicolae_stop_n_shop_1
D:5:      layout_layer_cave, minmay_temple_entry_wispy, uniq_blork_the_orc,
          uniq_edmund
D:6:      layout_basic, mainiacjoe_overflow_tiny_flanked, minmay_bent
D:7:      layout_loops_cross, grunt_temple_overflow_diamond, uniq_joseph
D:8:      layout_rooms, riverfiend_overflow_shadow_ancestor, enter_bailey_2
D:9:      layout_stronghold, uniq_amaemon, uniq_erolcha
D:10:     minmay_roctagon, layout_loops_corners,
          chequers_temple_overflow_minitemple, david_lair_generic, david_orc_4,
          grunt_decor_cap, minmay_increasing_density, uniq_fannar
D:11:     layout_roguey, lightli_airlock
D:12:     layout_cave_pools, billiards_dpeg
D:13:     layout_roguey, minmay_crystal_box
Temple:   nicolae_temple_godpark
Lair:1:   layout_roguey, grunt_megastairs_3, lemuel_fruit_tree
Lair:2:   layout_regular_city, dummy_snake_entry, gammafunk_ghost_grave,
          cheibrodos_lair_caveside_slide, infiniplex_staircase_pool_2,
          serial_bayou_shore_b
Lair:3:   layout_chaotic_city, minmay_shoals_entry_beasts
Lair:4:   layout_concentric_octagons, nicolae_slime_entry_slimehenge,
          nicolae_lair_grove_arrangements
Lair:5:   hangedman_lair_caniforms_friends, layout_long_grid,
          guppyfry_lair_end_dragon, ebering_ghost_funeral_grove,
          kennysheep_basilisk_garden
Orc:1:    layout_diamond_mine
Orc:2:    st_orc_ogre_mass, layout_caves, basic_altar, serial_shops,
          nicolae_shop_rolling_square

Skill      XL: |  1  2  3  4  5  6  7  8  9 10 11 12 13 14 15 |
---------------+----------------------------------------------+-----
Invocations    | 1 2 3 4 5 6 7 8 9 10 11 | 11.2
Short Blades   | 1 2 3 4 5 6 7 8 9 10 | 10.3
Long Blades    | 1 2 3 4 5 6 7 8 9 10 | 10.3
Axes           | 1 2 3 4 5 6 7 8 9 10 | 10.3
Maces & Flails | 1 2 3 4 5 6 7 8 9 10 | 10.3
Polearms       | 1 2 3 4 5 6 7 8 9 10 | 10.3
Staves         | 1 2 3 4 5 6 7 8 9 10 | 10.3
Ranged Weapons | 1 2 3 4 5 6 7 8 9 10 | 10.3
Throwing       | 1 2 3 4 5 6 7 8 9 10 | 10.3
Shields        | 1 2 3 4 5 6 7 8 9 10 | 10.3
Unarmed Combat | 1 2 3 4 5 6 7 8 9 10 | 10.3
Spellcasting   | 1 2 3 4 5 6 7 8 9 10 | 10.3
Conjurations   | 1 2 3 4 5 6 7 8 |  8.6
Hexes          | 1 2 3 4 5 6 7 8 |  8.6
Summonings     | 1 2 3 4 5 6 7 8 |  8.6
Necromancy     | 1 2 3 4 5 6 7 8 |  8.6
Translocations | 1 2 3 4 5 6 7 8 |  8.6
Transmutations | 1 2 3 4 5 6 7 8 |  8.6
Fire Magic     | 1 2 3 4 5 6 7 8 |  8.6
Ice Magic      | 1 2 3 4 5 6 7 8 |  8.6
Air Magic      | 1 2 3 4 5 6 7 8 |  8.6
Earth Magic    | 1 2 3 4 5 6 7 8 |  8.6
Poison Magic   | 1 2 3 4 5 6 7 8 |  8.6
Shapeshifting  | 1 2 3 4 5 6 7 8 |  8.6
Fighting       | 3 4 5 6 7 8 9 10 | 10.7
Dodging        | 3 4 5 6 7 8 9 10 | 10.7
Armour         | 5 6 7 8 9 10 11 | 11.3
Stealth        | 3 4 5 6 7 8 9 10 | 10.6
Evocations     | 7 8 9 10 11 12 | 12.1

Action                     |  1- 3 |  4- 6 |  7- 9 | 10-12 | 13-15 || total
---------------------------+-------+-------+-------+-------+-------++-------
  Melee: Club              |    20 |       |       |       |       ||    20
         Bite              |     6 |     5 |    31 |    32 |   157 ||   231
         Dagger            |    65 |    77 |   270 |   250 |   429 ||  1091
         Punch             |       |       |     8 |     8 |    74 ||    90
         Shillelagh        |       |       |       |       |   497 ||   497
         Long sword        |       |       |       |       |   140 ||   140
 Invoke: Recall Ancestor   |       |       |       |       |     5 ||     5
         Ancestor Life: Ba |       |       |       |       |     1 ||     1
  Evoke: Wand              |       |     2 |    24 |    22 |    34 ||    82
    Use: Scroll            |       |       |     7 |     5 |    18 ||    30
         Potion            |       |       |       |     2 |     3 ||     5
   Stab: Sleeping          |     1 |    11 |    16 |     4 |    13 ||    45
         Distracted        |       |       |     1 |       |    21 ||    22
 Armour: Leather armour    |    11 |       |       |       |       ||    11
         Scale mail        |     7 |       |       |     2 |       ||     9
         Shadow dragon sca |     4 |    72 |   198 |   154 |   335 ||   763
         Gold dragon scale |       |       |       |       |   453 ||   453
  Dodge: Dodged            |    44 |    26 |    66 |    80 |   311 ||   527
  Block: Other             |       |       |       |       |    75 ||    75
         Reflection        |       |       |       |       |     1 ||     1

Table legend: (Time is in decaauts)
 A = Elapsed time spent in this place.
 B = Non-inter-level travel time spent in this place.
 C = Inter-level travel time spent in this place.
 D = Time resting spent in this place.
 E = Time spent auto-exploring this place.
 F = Levels seen in this place.
 G = Mean time per level.
                   A        B        C        D        E       F      G
               +--------+--------+--------+--------+--------+-----+--------+
         Total |  23472 |  22056 |   1416 |   2396 |  15739 |  22 | 1066.9 |
       Dungeon |  16367 |  15175 |   1192 |   1792 |  10520 |  13 | 1259.0 |
        Temple |      1 |      0 |      1 |      0 |      0 |   1 |    1.0 |
          Lair |   5329 |   5129 |    200 |      0 |   4456 |   5 | 1065.8 |
  Orcish Mines |   1024 |   1002 |     22 |    391 |    436 |   2 |  512.0 |
        Bailey |    748 |    748 |      0 |    213 |    327 |   1 |  748.0 |
               +--------+--------+--------+--------+--------+-----+--------+

Top non-repeatable levels by time:
    D:10: 2557 daAuts
  Lair:5: 2202 daAuts
     D:9: 1854 daAuts
     D:5: 1823 daAuts
     D:4: 1697 daAuts
    D:11: 1628 daAuts
     D:6: 1028 daAuts
    D:12: 1021 daAuts
     D:7: 1021 daAuts
     D:3: 1013 daAuts
     D:8: 891 daAuts
  Lair:1: 823 daAuts
     D:1: 804 daAuts
  Lair:3: 801 daAuts
  Lair:4: 777 daAuts
